 Dungeon Crawl Stone Soup version 0.23.2-1-ga50397a (webtiles) character file.

Game seed: 12753799982940616100

28 schauveau the Vandal (level 3, 0/24 HPs)
             Began as a Halfling Hunter on May 5, 2019.
             Slain by an adder (4 damage)
             ... on level 1 of the Dungeon.
             The game lasted 00:02:06 (1109 turns).

schauveau the Vandal (Halfling Hunter)              Turns: 1109, Time: 00:02:07

Health: 0/24       AC:  3    Str: 13    XL:     3   Next: 30%
Magic:  3/3        EV: 15    Int:  9    God:
Gold:   82         SH:  0    Dex: 15    Spells: 2/2 levels left

rFire    + . .     SeeInvis .   m - -3 hand axe (curse)
rCold    x . .     Gourm    .   (shield restricted)
rNeg     . . .     Faith    .   c - +0 leather armour
rPois    .         Spirit   .   (no helmet)
rElec    .         Reflect  .   (no cloak)
rCorr    .         Harm     .   (no gloves)
MR       .....                  (no boots)
Stlth    +.........             (no amulet)
HPRegen  0.08/turn              k - ring of fire
MPRegen  0.08/turn              j - ring of attention (curse)

@: lethally poisoned (0 -> -10)
A: small, mutation resistance 1
a: no special abilities


You were on level 1 of the Dungeon.
You were not hungry.

You visited 1 branch of the dungeon, and saw 2 of its levels.

You collected 82 gold pieces.

Inventory:

Hand Weapons
 a - a +1 hunting sling
 b - a +0 short sword
 m - a cursed -3 hand axe (weapon)
 n - a +2 dagger of venom
Missiles
 d - 20 sling bullets
 e - 43 stones (quivered)
Armour
 c - a +0 leather armour (worn)
Jewellery
 j - a cursed ring of attention (right hand)
 k - a ring of fire (left hand)
Scrolls
 g - a scroll of random uselessness {unknown}
Potions
 h - 2 potions of ambrosia {unknown}
 i - a potion of cancellation {unknown}
 l - a potion of flight {unknown}
Comestibles
 f - 3 rations


   Skills:
 + Level 2.1 Fighting
 * Level 6.4 Slings
 + Level 2.5 Dodging
 + Level 1.8 Stealth


You had 2 spell levels left.
You didn't know any spells.
Your spell library was empty.

Dungeon Overview and Level Annotations

Branches:
Dungeon (2/15)

Altars:


Innate Abilities, Weirdness & Mutations

You are small and have problems with some larger weapons.
You are somewhat resistant to further mutation.


Message History

You are too injured to fight recklessly!
You are too injured to fight recklessly!
You feel sick.
You closely miss the adder.
The adder is moderately wounded.
The adder closely misses you. The adder bites you but does no damage.
You barely miss the adder.
The adder is moderately wounded.
You feel sick. The adder barely misses you.
You closely miss the adder.
The adder is lightly wounded.
You feel sick. The adder bites you. x2
* * * LOW HITPOINT WARNING * * *
You are lethally poisoned!
The adder poisons you!
You miss the adder.
The adder is lightly wounded.
* * * LOW HITPOINT WARNING * * *
You feel sick. The adder misses you. The adder bites you.
You die...

..#.#..........#.#.≈≈≈≈≈≈≈≈≈≈≈≈≈≈
..#.########...#.#.≈≈.≈≈.....≈..≈
..#.# ##..#.#.≈≈≈≈≈.≈≈≈≈≈≈≈≈
..#.# #..#.#≈≈♣♣♣≈≈≈♣♣♣≈.≈♣
..#[##########.#.#≈≈♣ ♣≈≈≈♣ ♣≈.≈♣
..#............#.#≈≈♣♣♣≈.≈♣♣♣≈≈≈♣
##############.#.#≈≈≈≈≈≈≈≈≈≈≈≈.≈≈
#.......# #...#≈.......≈≈...≈.
#.#####.# ##.@#≈≈≈≈≈≈.≈≈≈≈≈≈≈≈
#.#####'#######.S#≈≈♣♣♣≈.≈♣♣♣≈.≈♣
#.##...............≈♣ ♣≈≈≈♣ ♣≈≈≈♣
#.##...............≈♣♣♣≈≈≈♣♣♣≈≈≈♣
#.##..............≈≈≈≈≈≈.≈≈≈≈≈≈≈≈
#.####............≈≈≈..≈≈≈.≈≈..≈.
#.# #...#########≈≈≈≈≈≈.≈≈≈≈≈.≈≈
#.# #...# #≈≈♣♣♣≈≈≈♣♣♣≈≈≈♣ #.#
#...# ##≈≈♣ ♣≈.≈♣ ♣≈≈≈♣


You could see an adder.

Vanquished Creatures
  An ooze (D:1)
  A dart slug (D:1)
  5 bats (D:1)
  2 giant cockroaches (D:1)
  A hobgoblin (D:1)
  A ball python (D:1)
  A frilled lizard (D:1)
  4 goblins (D:1)
  A kobold (D:1)
  5 rats (D:1)
22 creatures vanquished.

Notes
Turn   | Place    | Note
-------+----------+-------------------------------------------
     0 | D:1      | schauveau the Halfling Hunter began the quest for the Orb.
     0 | D:1      | Reached XP level 1. HP: 14/14 MP: 1/1
    61 | D:1      | Reached skill level 6 in Slings
   199 | D:1      | Reached XP level 2. HP: 18/19 MP: 2/2
   400 | D:1      | Reached XP level 3. HP: 13/24 MP: 3/3
  1109 | D:1      | Slain by an adder

Skill      XL: |  1  2 |
---------------+-------+-----
Slings         | 6 |  6.4
Fighting       | 2 |  2.1
Dodging        | |  2.5
Stealth        | |  1.8

Action                   || total
-------------------------++-------
Melee: Short sword       ||    39
       Hand axe          ||    50
 Fire: Hunting sling     ||     1
  Use: Scroll            ||     1
  Eat: Ration            ||     1
Armor: Leather armour    ||    32
Dodge: Dodged            ||    89
